IL
COLORADO SPRINGS SKY SOX @ MEMPHIS REDBIRDS
08/07/2044
 
TOP OF THE 1ST
Colorado Springs Sky Sox batting - Pitching for Memphis Redbirds : RHP Rafael Gonzales
Pitching: RHP Rafael Gonzales
Batting: RHB Kennet Strijbis 0-0: Called Strike
0-1: Ball
1-1: Fly out, F2 (Popup, 5SF, EV 81.2 MPH)
Batting: RHB George Lundy 0-0: Swinging Strike
0-1: Swinging Strike
0-2: Ball
1-2: Fly out, F9 (Line Drive, 89M, EV 102.5 MPH)
Batting: LHB Tony Ponce 0-0: Ball
1-0: SINGLE (Groundball, 34D, EV 108.8 MPH)
Batting: RHB Devine Adams 0-0: Called Strike
0-1: Ball
1-1: Ball
2-1: Foul Ball, location: 2F
2-2: Strikes out swinging
Top of the 1st over - 0 runs, 1 hit, 0 errors, 1 left on base; Colorado Springs 0 - Memphis 0
BOTTOM OF THE 1ST
Memphis Redbirds batting - Pitching for Colorado Springs Sky Sox : RHP Mason Albrecht
Pitching: RHP Mason Albrecht
Batting: LHB Tom Butterbaugh 0-0: Called Strike
0-1: Ball
1-1: Ball
2-1: Ball
3-1: Foul Ball, location: 2F
3-2: Ground out 4-3 (Groundball, 4D, EV 106.2 MPH)
Batting: RHB Tony Mendez 0-0: Ball
1-0: Ball
2-0: Ground out 6-3 (Groundball, 6, EV 90.6 MPH)
Batting: RHB Eric Chotkowski 0-0: Ball
1-0: DOUBLE (Line Drive, 7LS, EV 110.6 MPH)
Batting: LHB Melvin Salgado 0-0: Swinging Strike
0-1: Fly out, F3 (Popup, 3SF, EV 70.0 MPH)
Bottom of the 1st over - 0 runs, 1 hit, 0 errors, 1 left on base; Colorado Springs 0 - Memphis 0
TOP OF THE 2ND
Colorado Springs Sky Sox batting - Pitching for Memphis Redbirds : RHP Rafael Gonzales
Batting: RHB Bobby Bowman 0-0: Called Strike
0-1: Ball
1-1: Ball
2-1: SINGLE (Line Drive, 9S, EV 93.1 MPH)
Batting: RHB Fu-Kang Duan 0-0: Ball
1-0: Ball
2-0: Called Strike
2-1: Ball
3-1: Base on Balls
Bobby Bowman to second
Batting: RHB Colin Lord 0-0: Fielders Choice at 2nd, 3-6 (Groundball, 34, EV 91.9 MPH)
Bobby Bowman to third
Batting: RHB Dwane Reed 0-0: Ball
1-0: Ball
2-0: Ball
3-0: Called Strike
3-1: Called Strike
3-2: Strikes out looking
Colin Lord steals 2nd base
Batter strikes out.
Batting: LHB Elijah Black 0-0: Ball
1-0: Foul Ball, location: 2F
1-1: Foul Ball, location: 2F
1-2: Ground out 6-3 (Groundball, 6S, EV 84.4 MPH)
Top of the 2nd over - 0 runs, 1 hit, 0 errors, 2 left on base; Colorado Springs 0 - Memphis 0
BOTTOM OF THE 2ND
Memphis Redbirds batting - Pitching for Colorado Springs Sky Sox : RHP Mason Albrecht
Batting: SHB Luke Robbins 0-0: Ball
1-0: Ball
2-0: Called Strike
2-1: Foul Ball, location: 2F
2-2: Foul Ball, location: 2F
2-2: Foul Ball, location: 2F
2-2: Ball
3-2: Foul Ball, location: 2F
3-2: Base on Balls
Batting: LHB Tim Olsen 0-0: Foul Ball, location: 2F
0-1: Foul Ball, location: 2F
0-2: Strikes out swinging
Batting: RHB Roberto Lemus 0-0: Called Strike
0-1: Reached on error, E6 (Groundball, 6S, EV 75.6 MPH)
Luke Robbins to second
Batting: RHB Jorge Benites 0-0: Swinging Strike
0-1: Reached via error on a dropped throw from SS, E4 (Groundball, 6, EV 86.9 MPH)
Luke Robbins to third
Roberto Lemus to second
Batting: RHB Colin Boddy 0-0: Foul Ball, location: 2F
0-1: SINGLE (Groundball, 6MD, EV 97.5 MPH)
Luke Robbins scores
Roberto Lemus to third
Jorge Benites to second
Runner from 3rd tries for Home, SAFE, throw by CF to home
Batting: LHB Tom Butterbaugh 0-0: Swinging Strike
0-1: SINGLE (Groundball, 6MD, EV 101.9 MPH)
Jorge Benites to third
Colin Boddy to second
Runner from 3rd tries for Home, SAFE, throw by CF to home
Batting: RHB Tony Mendez 0-0: Called Strike
0-1: Called Strike
0-2: Ball
1-2: Fly out, F6 (Popup, 6, EV 55.0 MPH)
Batting: RHB Eric Chotkowski 0-0: Ball
1-0: SINGLE (Line Drive, 34, EV 96.9 MPH)
Colin Boddy to third
Tom Butterbaugh to second
Batting: LHB Melvin Salgado 0-0: Foul Ball, location: 2F
0-1: Foul Ball, location: 2F
0-2: Strikes out looking
Bottom of the 2nd over - 3 runs, 3 hits, 2 errors, 3 left on base; Colorado Springs 0 - Memphis 3
TOP OF THE 3RD
Colorado Springs Sky Sox batting - Pitching for Memphis Redbirds : RHP Rafael Gonzales
Batting: RHB Kennet Strijbis 0-0: Called Strike
0-1: Ball
1-1: Ball
2-1: Foul Ball, location: 2F
2-2: SINGLE (Flyball, 78S, EV 86.9 MPH)
Batting: RHB George Lundy 0-0: Ball
1-0: Ball
Kennet Strijbis steals 2nd base
2-0: Swinging Strike
2-1: Called Strike
2-2: Ball
3-2: Ground out 4-3 (Groundball, 4, EV 85.0 MPH)
Kennet Strijbis to third
Batting: LHB Tony Ponce 0-0: Ball
1-0: Called Strike
1-1: Foul Ball, location: 2F
1-2: Strikes out swinging, 2-3 out at first.
Batting: RHB Devine Adams 0-0: Foul Ball, location: 2F
0-1: Swinging Strike
0-2: Strikes out swinging
Top of the 3rd over - 0 runs, 1 hit, 0 errors, 1 left on base; Colorado Springs 0 - Memphis 3
BOTTOM OF THE 3RD
Memphis Redbirds batting - Pitching for Colorado Springs Sky Sox : RHP Mason Albrecht
Batting: SHB Luke Robbins 0-0: Ball
1-0: Called Strike
1-1: Ground out 6-3 (Groundball, 6, EV 98.1 MPH)
Batting: LHB Tim Olsen 0-0: Ball
1-0: Foul Ball, location: 2F
1-1: Ball
2-1: Ground out 5-3 (Groundball, 56, EV 103.1 MPH)
Batting: RHB Roberto Lemus 0-0: Ball
1-0: Fly out, F7 (Flyball, 78M, EV 88.8 MPH)
Bottom of the 3rd over - 0 runs, 0 hits, 0 errors, 0 left on base; Colorado Springs 0 - Memphis 3
TOP OF THE 4TH
Colorado Springs Sky Sox batting - Pitching for Memphis Redbirds : RHP Rafael Gonzales
Batting: RHB Bobby Bowman 0-0: Called Strike
0-1: Foul Ball, location: 2F
0-2: Ball
1-2: Ball
2-2: DOUBLE (Flyball, 8LXD, EV 91.9 MPH)
Batting: RHB Fu-Kang Duan 0-0: Foul Ball, location: 2F
0-1: Swinging Strike
0-2: Ball
1-2: Strikes out swinging
Batting: RHB Colin Lord 0-0: Ball
1-0: Foul Ball, location: 2F
1-1: Foul Ball, location: 2F
1-2: Foul Ball, location: 2F
1-2: Foul Ball, location: 2F
1-2: Foul Ball, location: 2F
1-2: Ball
2-2: Fly out, F6 (Popup, 6MD, EV 60.6 MPH)
Batting: RHB Dwane Reed 0-0: Ball
1-0: Foul Ball, location: 2F
1-1: Foul Ball, location: 2F
1-2: Foul Ball, location: 2F
1-2: Ball
2-2: Foul Ball, location: 2F
2-2: Ball
3-2: Strikes out looking
Top of the 4th over - 0 runs, 1 hit, 0 errors, 1 left on base; Colorado Springs 0 - Memphis 3
BOTTOM OF THE 4TH
Memphis Redbirds batting - Pitching for Colorado Springs Sky Sox : RHP Mason Albrecht
Batting: RHB Jorge Benites 0-0: Fly out, F5 (Popup, 5SF, EV 81.2 MPH)
Batting: RHB Colin Boddy 0-0: Called Strike
0-1: Swinging Strike
0-2: Foul Ball, location: 2F
0-2: Ball
1-2: Ground out 6-3 (Groundball, 6, EV 88.1 MPH)
Batting: LHB Tom Butterbaugh 0-0: Ball
1-0: Foul Ball, location: 2F
1-1: Ball
2-1: Ball
3-1: Foul Ball, location: 2F
3-2: Foul Ball, location: 2F
3-2: Fly out, F7 (Flyball, 78XD, EV 103.8 MPH)
Bottom of the 4th over - 0 runs, 0 hits, 0 errors, 0 left on base; Colorado Springs 0 - Memphis 3
TOP OF THE 5TH
Colorado Springs Sky Sox batting - Pitching for Memphis Redbirds : RHP Rafael Gonzales
Batting: LHB Elijah Black 0-0: Ball
1-0: Ball
2-0: Ball
3-0: Base on Balls
Batting: RHB Kennet Strijbis 0-0: Ball
1-0: Grounds into double play, 5-4-3 (Groundball, 5, EV 101.2 MPH)
Batting: RHB George Lundy 0-0: Ball
1-0: Called Strike
1-1: Called Strike
1-2: Ball
2-2: SINGLE (Groundball, 56S, EV 76.9 MPH) (infield hit)
Batting: LHB Tony Ponce 0-0: Ball
1-0: Ball
2-0: Called Strike
2-1: Ground out 4-3 (Groundball, 4S, EV 75.0 MPH)
Top of the 5th over - 0 runs, 1 hit, 0 errors, 1 left on base; Colorado Springs 0 - Memphis 3
BOTTOM OF THE 5TH
Memphis Redbirds batting - Pitching for Colorado Springs Sky Sox : RHP Mason Albrecht
Batting: RHB Tony Mendez 0-0: Swinging Strike
0-1: Ball
1-1: Bunt for hit to 15 - play at first, batter OUT! 1-3
Batting: RHB Eric Chotkowski 0-0: Called Strike
0-1: Called Strike
0-2: Ball
1-2: SOLO HOME RUN (Flyball, 78XD, EV 100.0 MPH), Distance : 402 ft
Batting: LHB Melvin Salgado 0-0: Swinging Strike
0-1: Ground out 4-3 (Groundball, 4, EV 75.6 MPH)
Batting: SHB Luke Robbins 0-0: Ground out 4-3 (Groundball, 4S, EV 82.5 MPH)
Bottom of the 5th over - 1 run, 1 hit, 0 errors, 0 left on base; Colorado Springs 0 - Memphis 4
TOP OF THE 6TH
Colorado Springs Sky Sox batting - Pitching for Memphis Redbirds : RHP Rafael Gonzales
Batting: RHB Devine Adams 0-0: Called Strike
0-1: Ball
1-1: Foul Ball, location: 2F
1-2: SINGLE (Flyball, 6MD, EV 83.8 MPH)
Batting: RHB Bobby Bowman 0-0: Ball
1-0: Ball
2-0: Fly out, F8 (Line Drive, 8LD, EV 98.1 MPH)
Batting: RHB Fu-Kang Duan 0-0: Fielders Choice at 2nd, 5-4 (Groundball, 5, EV 103.8 MPH)
Batting: RHB Colin Lord 0-0: Ball
1-0: SINGLE (Groundball, 6MD, EV 97.5 MPH)
Fu-Kang Duan to second
Runner from 2nd tries for 3rd, SAFE, throw by CF made to third
Batting: RHB Dwane Reed 0-0: Ball
1-0: Called Strike
1-1: Ball
2-1: Called Strike
2-2: Fly out, F9 (Flyball, 9S, EV 74.4 MPH)
Top of the 6th over - 0 runs, 2 hits, 0 errors, 2 left on base; Colorado Springs 0 - Memphis 4
BOTTOM OF THE 6TH
Memphis Redbirds batting - Pitching for Colorado Springs Sky Sox : RHP Mason Albrecht
Batting: LHB Tim Olsen 0-0: SINGLE (Groundball, 4MD, EV 96.2 MPH)
Batting: RHB Roberto Lemus 0-0: Ball
1-0: Ball
2-0: SINGLE (Groundball, 56, EV 103.8 MPH)
Tim Olsen to second
Batting: RHB Jorge Benites 0-0: Swinging Strike
0-1: Ball
1-1: Grounds into double play, 6-4-3 (Groundball, 6, EV 81.2 MPH)
Tim Olsen to third
Batting: RHB Colin Boddy 0-0: Fly out, F7 (Flyball, 7S, EV 93.1 MPH)
Bottom of the 6th over - 0 runs, 2 hits, 0 errors, 1 left on base; Colorado Springs 0 - Memphis 4
TOP OF THE 7TH
Colorado Springs Sky Sox batting - Pitching for Memphis Redbirds : RHP Rafael Gonzales
Pitching: LHP Justin Harris
Batting: LHB Elijah Black 0-0: Ball
1-0: Ball
2-0: Called Strike
2-1: Foul Ball, location: 2F
2-2: Foul Ball, location: 2F
2-2: Strikes out swinging
Batting: RHB Kennet Strijbis 0-0: Ball
1-0: Called Strike
1-1: Foul Ball, location: 2F
1-2: Strikes out looking
Batting: RHB George Lundy 0-0: Swinging Strike
0-1: Called Strike
0-2: Strikes out swinging
Top of the 7th over - 0 runs, 0 hits, 0 errors, 0 left on base; Colorado Springs 0 - Memphis 4
BOTTOM OF THE 7TH
Memphis Redbirds batting - Pitching for Colorado Springs Sky Sox : RHP Mason Albrecht
Batting: LHB Tom Butterbaugh 0-0: Ball
1-0: SINGLE (Line Drive, 9S, EV 91.9 MPH)
Batting: RHB Tony Mendez 0-0: Bunted foul
0-1: Bunted foul
0-2: Fly out, F8 (Flyball, 8RM, EV 85.6 MPH)
Batting: RHB Eric Chotkowski 0-0: Ball
1-0: Called Strike
1-1: Fly out, F9 (Flyball, 9LS, EV 76.2 MPH)
Batting: LHB Melvin Salgado 0-0: Ball
1-0: Foul Ball, location: 2F
1-1: Swinging Strike
1-2: Ball
2-2: Strikes out swinging, 2-3 out at first.
Bottom of the 7th over - 0 runs, 1 hit, 0 errors, 1 left on base; Colorado Springs 0 - Memphis 4
TOP OF THE 8TH
Colorado Springs Sky Sox batting - Pitching for Memphis Redbirds : LHP Justin Harris
Batting: LHB Tony Ponce 0-0: Ball
1-0: Ball
2-0: Called Strike
2-1: SOLO HOME RUN (Flyball, 9D, EV 98.8 MPH), Distance : 362 ft
Batting: RHB Devine Adams 0-0: Ball
1-0: Foul Ball, location: 2F
1-1: Ground out 4-3 (Groundball, 4S, EV 80.6 MPH)
Batting: RHB Bobby Bowman 0-0: Swinging Strike
0-1: Ball
1-1: Ball
2-1: SINGLE (Groundball, 6MD, EV 98.8 MPH)
Batting: RHB Fu-Kang Duan 0-0: Ball
1-0: Swinging Strike
1-1: Foul Ball, location: 2F
1-2: Ball
2-2: Ball
3-2: Foul Ball, location: 2F
3-2: Base on Balls
Bobby Bowman to second
Batting: RHB Colin Lord 0-0: Ball
1-0: Ball
2-0: Called Strike
2-1: Foul Ball, location: 2F
2-2: Ball
3-2: Base on Balls
Bobby Bowman to third
Fu-Kang Duan to second
Batting: RHB Dwane Reed 0-0: Swinging Strike
0-1: Ball
1-1: Foul Ball, location: 2F
1-2: Strikes out swinging
Pinch Hitting: RHB Enrique Vazquez 0-0: Swinging Strike
0-1: Ball
1-1: Swinging Strike
1-2: Foul Ball, location: 2F
1-2: Ball
2-2: Foul Ball, location: 2F
2-2: Foul Ball, location: 2F
2-2: Fly out, F8 (Flyball, 8RD, EV 106.2 MPH)
Top of the 8th over - 1 run, 2 hits, 0 errors, 3 left on base; Colorado Springs 1 - Memphis 4
BOTTOM OF THE 8TH
Memphis Redbirds batting - Pitching for Colorado Springs Sky Sox : RHP Mason Albrecht
Pitching: RHP Freddy Barahona
Now at 1B: Orlando Fernandez
Now at 2B: Colin Lord
Now at 3B: Fu-Kang Duan
Batting: SHB Luke Robbins 0-0: Ground out 4-3 (Groundball, 34, EV 86.9 MPH)
Batting: LHB Tim Olsen 0-0: Called Strike
0-1: Ball
1-1: Called Strike
1-2: DOUBLE (Flyball, 9D, EV 96.9 MPH)
Batting: RHB Roberto Lemus 0-0: Called Strike
Tim Olsen steals 3rd base
0-1: Ball
1-1: Ball
2-1: Ball
3-1: Ground out 6-3 (Groundball, 6, EV 79.4 MPH)
Tim Olsen scores
Batting: RHB Jorge Benites 0-0: Ball
1-0: Fly out, F6 (Popup, P, EV 86.2 MPH)
Bottom of the 8th over - 1 run, 1 hit, 0 errors, 0 left on base; Colorado Springs 1 - Memphis 5
TOP OF THE 9TH
Colorado Springs Sky Sox batting - Pitching for Memphis Redbirds : LHP Justin Harris
Pitching: RHP Kenishi Tanaka
Batting: RHB Kennet Strijbis 0-0: Foul Ball, location: 2F
0-1: Swinging Strike
0-2: Ball
1-2: Foul Ball, location: 2F
1-2: Ball
2-2: Ground out 6-3 (Groundball, 6, EV 91.9 MPH)
Batting: RHB George Lundy 0-0: Foul Ball, location: 2F
0-1: Ball
1-1: DOUBLE (Line Drive, 9LM, EV 106.9 MPH)
Batting: LHB Tony Ponce 0-0: Called Strike
0-1: Ball
1-1: Called Strike
1-2: Ball
2-2: 2-RUN HOME RUN (Flyball, 9LD, EV 96.9 MPH), Distance : 348 ft
Pitching: RHP Rodolfo Mendez
Batting: RHB Devine Adams 0-0: Called Strike
0-1: Ball
1-1: SINGLE (Line Drive, 78S, EV 103.8 MPH)
Batting: RHB Bobby Bowman 0-0: Swinging Strike
0-1: Ball
1-1: Grounds into double play, 4-6-3 (Groundball, 4M, EV 88.1 MPH)
Top of the 9th over - 2 runs, 3 hits, 0 errors, 0 left on base; Colorado Springs 3 - Memphis 5
Thursday, March 31st , 2022 - OOTP Baseball 22.12 Build 89